 Dungeon Crawl Stone Soup version 0.31.0-9-g3a7656b989 (webtiles) character file.

Game seed: 5536170239183821138

580 qw the Skirmisher (level 7, 0/40 HPs)
             Began as a Deep Elf Hunter on Feb 2, 2024.
             Slain by a gnoll
             ... wielding a +0 halberd
             ... led by a gnoll bouda
              (9 damage)
             ... on level 5 of the Dungeon.
             The game lasted 00:00:22 (3581 turns).

qw the Skirmisher (Deep Elf Hunter)                 Turns: 3581, Time: 00:00:23

Health: 0/40       AC:  6    Str: 13 (14) XL:     7   Next: 13%
Magic:  9/9        EV: 12    Int: 13 (14) God:
Gold:   219        SH:  0    Dex: 18 (20) Spells: 6/6 levels left

rFire   + . .        a - +1 shortbow
rCold   + . .        (shield currently unavailable)
rNeg    . . .        f - +0 ring mail
rPois   .            o - +0 helmet
rElec   .            h - scarf {rC+ rF+}
rCorr   .            (no gloves)
SInv    .            (no boots)
Will    .....        r - amulet of regeneration
Stlth   +            l - +6 ring of strength
HPRegen 1.06/turn    (no ring)
MPRegen 0.11/turn

%: no passive effects
@: no status effects
A: no striking features
a: no special abilities


You were on level 5 of the Dungeon.
You visited 1 branch of the dungeon, and saw 5 of its levels.

You collected 219 gold pieces.


   Skills:
 - Level 2.0 Fighting
 + Level 10.3 Ranged Weapons
 - Level 1.8 Armour
 - Level 3.4 Dodging
 - Level 1.2 Stealth


You had 6 spell levels left.
You didn't know any spells.
Your spell library was empty.

Inventory:

Hand Weapons
 a - a +1 shortbow (weapon)
Armour
 f - a +0 ring mail (worn)
 g - a +0 robe of fire resistance
 h - a scarf of resistance (worn)
 j - a +0 cloak
 o - a +0 helmet (worn)
Jewellery
 l - a +6 ring of strength (left hand)
 r - an amulet of regeneration (around neck)
Wands
 q - a wand of flame (17)
Scrolls
 i - a scroll of identify
Potions
 b - a potion of might
 c - a potion of berserk rage {unknown}
 d - 2 potions of enlightenment {unknown}
 e - 2 potions of curing
 k - a potion of resistance {unknown}
 m - a potion of mutation {unknown}
 p - a potion of cancellation
 s - a potion of heal wounds {unknown}

Dungeon Overview and Level Annotations

Branches:
Dungeon (5/15)
 Temple: D:4-7

Altars:
Cheibriados
Elyvilon
Fedhas
Hepliaklqana
Nemelex Xobeh
Ru

Shops:
D:1 :=


Message History

You shoot an arrow.
The arrow barely misses the gnoll bouda.
The arrow barely misses the gnoll.
The arrow hits the gnoll.
The gnoll is lightly wounded.
The gnoll bouda prays to its god.
The gnoll bouda is healed somewhat.
You shoot an arrow.
The arrow completely misses the gnoll bouda.
The arrow barely misses the gnoll.
The arrow hits the gnoll.
The gnoll is moderately wounded.
The gnoll bouda hits you with a +0 club.
You shoot an arrow.
The arrow hits the gnoll bouda but does no damage.
The gnoll bouda is severely wounded.
The gnoll is no longer moving quickly.
The gnoll bouda barks out a call to the hunt!
The gnolls pick up the pace!
You shoot an arrow. The arrow hits the gnoll bouda.
The gnoll bouda is almost dead.
The gnoll bouda barely misses you.
You shoot an arrow. The arrow hits the gnoll bouda.
You kill the gnoll bouda!
The gnoll misses you.
You feel your dexterity returning.
You shoot an arrow. The arrow barely misses the gnoll.
The arrow closely misses the gnoll.
The gnoll hits you from afar with a +0 halberd.
The gnoll hits you with a +0 club.
You shoot an arrow. The arrow barely misses the gnoll.
The arrow hits the gnoll.
You kill the gnoll!
The gnoll hits you from afar with a +0 halberd!
The gnoll barely misses you.
You shoot an arrow. The arrow hits the gnoll!
The gnoll is severely wounded.
The gnoll barely misses you. The gnoll misses you.
You shoot an arrow.
The arrow hits the gnoll but does no damage.
The gnoll is severely wounded.
The gnoll hits you from afar with a +0 halberd!
You die...

## .# .### ...
##################.######
................@gg......
.#################g#####.
.# .# .# .# .####### .#
.......# .# #..# ...###.#
## #..# ...###.# #####..#
.......# ...#..#


You could see 3 gnolls.

Vanquished Creatures
  A phantom (D:5)
  4 bombardier beetles
  3 hounds
  An orc priest (D:3)
  A gnoll bouda (D:5)
  An iguana (D:5)
  2 orc wizards
  Robin (D:3)
  A gnoll (D:5)
  3 dart slugs
  3 ribbon worms
  9 orcs
  4 ball pythons
  7 endoplasms
  4 giant cockroaches
  18 goblins
  11 hobgoblins
  11 jackals
  5 kobolds
  3 quokkas
  13 bats
  A frilled lizard (D:2)
  3 rats
110 creatures vanquished.

Vanquished Creatures (others)
  A goblin (D:3)
1 creature vanquished.

Grand Total: 111 creatures vanquished

Notes
Turn   | Place    | Note
-------+----------+-------------------------------------------
     0 | D:1      | qw the Deep Elf Hunter began the quest for the Orb.
     0 | D:1      | Reached XP level 1. HP: 12/12 MP: 3/3
     0 | D:1      | 0 ||| qw: Version: 0.3-a-155-g5e7d8dd
     0 | D:1      | 0 ||| qw: Game counter: 1715
     0 | D:1      | 0 ||| qw: Melee chars always use a shield: true
     0 | D:1      | 0 ||| qw: God list: Okawaru
     0 | D:1      | 0 ||| qw: Allow faded altars: false
     0 | D:1      | 0 ||| qw: Do Orc after clearing Dungeon:15 true
     0 | D:1      | 0 ||| qw: Do second Lair branch before Depths: true
     0 | D:1      | 0 ||| qw: Lair rune preference: random
     0 | D:1      | 0 ||| qw: Goals: Normal
     0 | D:1      | 0 ||| PLANNING D:1-11
    76 | D:1      | Reached skill level 6 in Ranged Weapons
    76 | D:1      | Reached XP level 2. HP: 11/16 MP: 4/4
   504 | D:1      | Found Asod's Jewellery Boutique.
   518 | D:1      | 518 ||| SHOPLISTING +5 ring of evasion (360 gold, have 35).
   518 | D:1      | 518 ||| SHOPLISTING +6 ring of dexterity (360 gold, have
                  | 35).
   518 | D:1      | 518 ||| SHOPLISTING +6 ring of strength (360 gold, have
                  | 35).
   518 | D:1      | 518 ||| SHOPLISTING amulet of guardian spirit (300 gold,
                  | have 35).
   518 | D:1      | 518 ||| SHOPLISTING amulet of the Four Winds {rN+ Will+++
                  | Clar} (607 gold, have 35).
   518 | D:1      | 518 ||| SHOPLISTING ring "Xicaitops" {Fly rElec Will+} (371
                  | gold, have 35).
   518 | D:1      | 518 ||| SHOPLISTING ring of ice (250 gold, have 35).
   518 | D:1      | 518 ||| SHOPLISTING ring of protection from cold (250 gold,
                  | have 35).
   518 | D:1      | 518 ||| SHOPLISTING ring of resist corrosion (200 gold,
                  | have 35).
   525 | D:1      | Found Goagen's Book Shop.
   708 | D:1      | 708 ||| UPGRADING to +0 robe of fire resistance.
   718 | D:1      | 718 ||| UPGRADING to scarf of resistance.
   723 | D:1      | 723 ||| UPGRADING to +6 ring of strength.
   724 | D:1      | 724 ||| READING scroll labelled PELYCZ WUENO.
   725 | D:1      | 725 ||| READING scroll labelled SEECSEIPL COIG.
   726 | D:1      | 726 ||| DRINKING 3 lumpy sapphire potions.
   727 | D:1      | 727 ||| DROPPING scroll of butterflies.
   909 | D:2      | Found a faded altar of an unknown god.
   942 | D:2      | Reached XP level 3. HP: 18/20 MP: 5/5
  1020 | D:2      | Reached skill level 7 in Ranged Weapons
  1020 | D:2      | 1020 ||| FLEEEEING.
  1023 | D:2      | 1023 ||| FLEEEEING.
  1024 | D:2      | 1024 ||| FLEEEEING.
  1025 | D:2      | 1025 ||| FLEEEEING.
  1026 | D:2      | 1026 ||| FLEEEEING.
  1027 | D:2      | 1027 ||| FLEEEEING.
  1028 | D:2      | 1028 ||| FLEEEEING.
  1145 | D:2      | Reached XP level 4. HP: 25/25 MP: 6/6
  1490 | D:2      | 1490 ||| DROPPING +0 leather armour.
  1491 | D:2      | 1491 ||| UPGRADING to +0 ring mail.
  1501 | D:2      | 1501 ||| UPGRADING to amulet of regeneration.
  1506 | D:2      | 1506 ||| READING scroll labelled CEOCOBR UTUOGI.
  1507 | D:2      | 1507 ||| READING scroll labelled HOROENIEFA.
  1508 | D:2      | 1508 ||| READING scroll labelled YDGHAU YQIL.
  1509 | D:2      | 1509 ||| READING scroll labelled PUFOSEU YHOOMI.
  1509 | D:2      | 1509 ||| ENCHANTING +0 shortbow.
  1510 | D:2      | 1510 ||| READING scroll labelled ZOESTR NOCABACURIP.
  1511 | D:2      | 1511 ||| READING scroll labelled FAUNOVO TAIF.
  1512 | D:2      | 1512 ||| DRINKING 2 murky ruby potions.
  1728 | D:3      | Reached skill level 8 in Ranged Weapons
  1769 | D:3      | Found a sacrificial altar of Ru.
  1819 | D:3      | Found a white marble altar of Elyvilon.
  2014 | D:3      | Noticed Robin
  2018 | D:3      | 2018 ||| FLEEEEING.
  2028 | D:3      | Reached XP level 5. HP: 16/29 MP: 7/7
  2029 | D:3      | Killed Robin
  2080 | D:3      | HP: 6/29 [orc priest/divine providence (13)]
  2174 | D:3      | Found a snail-covered altar of Cheibriados.
  2399 | D:3      | 2399 ||| UPGRADING to +0 helmet.
  2404 | D:3      | 2404 ||| READING 2 scrolls labelled ZISMUATWAH.
  2404 | D:3      | 2404 ||| IDENTIFYING amethyst potion
  2405 | D:3      | 2405 ||| READING scroll of identify.
  2405 | D:3      | 2405 ||| IDENTIFYING fuming pink potion
  2406 | D:3      | 2406 ||| READING scroll labelled FOURAINTUN.
  2407 | D:3      | 2407 ||| DRINKING 2 puce potions.
  2408 | D:3      | 2408 ||| DROPPING potion of magic.
  2409 | D:3      | 2409 ||| DROPPING potion of degeneration.
  2411 | D:3      | 2411 ||| Stepping ~*~*~tactically~*~*~ (cloud).
  2447 | D:4      | Reached skill level 9 in Ranged Weapons
  2845 | D:4      | Reached XP level 6. HP: 29/35 MP: 8/8
  2868 | D:4      | Found a hazy altar of Hepliaklqana.
  3136 | D:4      | 3136 ||| READING scroll of identify.
  3136 | D:4      | 3136 ||| IDENTIFYING orange potion
  3137 | D:4      | 3137 ||| DROPPING potion of brilliance.
  3179 | D:5      | Entered Level 5 of the Dungeon
  3227 | D:5      | Reached skill level 3 in Dodging
  3372 | D:5      | Reached skill level 10 in Ranged Weapons
  3414 | D:5      | Found a blossoming altar of Fedhas.
  3414 | D:5      | Found a sparkling altar of Nemelex Xobeh.
  3463 | D:5      | Reached skill level 1 in Armour
  3463 | D:5      | Reached XP level 7. HP: 39/40 MP: 9/9
  3558 | D:5      | 3558 ||| RETREEEEATING.
  3579 | D:5      | HP: 7/40 [gnoll/+0 halberd[a gnoll bouda] (10)]
  3581 | D:5      | Slain by a gnoll

Levels and vault maps discovered:
D:1:      dpeg_arrival_tiny_a, layout_loops_cross, serial_shops, shop,
          nicolae_shop_tiny_glass, reono_crystal_passage, serial_bayou_lagoon_a
D:2:      layout_loops_ring, dreamdust_ecumenical_altar_sealed_demon,
          ebering_dispersal_statue_hall, minmay_increasing_density
D:3:      layout_basic, lemuel_tele_altar, chei_slow_surprise,
          mainiacjoe_overflow_catwalk, roderic_batcave, uniq_robin
D:4:      layout_loops_cross, mainiacjoe_overflow_small_starburst,
          chequers_serial_rivers_room_b, minmay_goblin_outpost
D:5:      layout_basic, nicolae_uskayaw_suspiria,
          gammafunk_temple_overflow_pools

Skill      XL: |  1  2  3  4  5  6 |
---------------+-------------------+-----
Ranged Weapons | 6 7 8 9 10 | 10.3
Fighting       | 2 |  2.0
Dodging        | 3 |  3.4
Armour         | 1 |  1.8
Stealth        | |  1.2

Action                     |  1- 3 |  4- 6 |  7- 9 || total
---------------------------+-------+-------+-------++-------
   Fire: Shortbow          |    85 |   245 |    28 ||   358
    Use: Scroll            |     2 |    10 |       ||    12
         Potion            |     1 |     2 |       ||     3
 Armour: Leather armour    |     3 |       |       ||     3
         Robe              |     3 |     1 |       ||     4
         Ring mail         |       |    90 |    13 ||   103
  Dodge: Dodged            |    14 |    93 |    10 ||   117

Table legend:
 A = Non-vault XP
 B = Vault XP
 C = Vault XP percentage of total XP
 D = Non-vault monster count
 E = Vault monster count
 F = Vault count percentage of total count
                 A         B        C        D         E       F
            +---------+---------+-------+---------+---------+-------
      Total |     725 |     104 |  12.5 |      78 |      32 |  29.1
            +---------+---------+-------+---------+---------+-------
        D:1 |      35 |       0 |   0.0 |      18 |       0 |   0.0
        D:2 |      20 |      50 |  71.4 |      13 |       7 |  35.0
        D:3 |     118 |      46 |  28.0 |      14 |      20 |  58.8
        D:4 |     165 |       8 |   4.6 |      15 |       5 |  25.0
        D:5 |     387 |       0 |   0.0 |      18 |       0 |   0.0
            +---------+---------+-------+---------+---------+-------
